 Dungeon Crawl Stone Soup version 0.28-a0-732-g75e6d9beac (webtiles) character file.

Game seed: 179752681378255532

44 Lemonice the Digger (level 3, -1/21 HPs)
             Began as an Octopode Earth Elementalist on Oct 29, 2021.
             Slain by a scorpion zombie (5 damage)
             ... on level 3 of the Dungeon.
             The game lasted 00:02:30 (3328 turns).

Lemonice the Digger (Octopode Earth Elementalist)   Turns: 3328, Time: 00:02:30

Health: -1/21      AC:  1    Str:  8    XL:     3   Next: 60%
Magic:  6/6        EV: 13    Int: 17    God:
Gold:   89         SH:  0    Dex: 12    Spells: 5/6 levels left

rFire   . . .      SeeInvis .   (no weapon)
rCold   . . .      Faith    .   (no shield)
rNeg    . . .      Spirit   .   (helmet restricted)
rPois   +          Reflect  .   (no amulet)
rElec   .          Harm     .   e - ring of poison resistance
rCorr   .          Rampage  .   (no ring)
Will    .....                   (no ring)
Stlth   +++.......              (no ring)
HPRegen 0.07/turn               (no ring)
MPRegen 0.10/turn               (no ring)
                                (no ring)
                                (no ring)

@: no status effects
A: almost no armour, amphibious, 8 rings, camouflage 1, gelatinous body 1,
(nimble swimmer 1), tentacles
a: no special abilities


You were on level 3 of the Dungeon.
You visited 1 branch of the dungeon, and saw 3 of its levels.

You collected 89 gold pieces.

Inventory:

Missiles
 b - 82 stones
Jewellery
 e - a ring of poison resistance (left tentacle)
Scrolls
 c - a scroll of amnesia {unknown}
 d - 2 scrolls of teleportation {unknown}
 i - a scroll of fog {unknown}
 j - a scroll of silence {unknown}
 l - a scroll of enchant weapon {unknown}
Potions
 a - a potion of flight {unknown}
 f - 3 potions of curing {unknown}
 g - a potion of ambrosia {unknown}
 h - 2 potions of might {unknown}
 k - a potion of cancellation {unknown}


   Skills:
 + Level 0.2 Fighting
 + Level 2.4 Dodging
 + Level 3.5 Stealth
 + Level 0.7 Unarmed Combat
 + Level 2.2 Spellcasting
 + Level 1.0 Transmutations
 + Level 3.5 Earth Magic


You had 5 spell levels left.
You knew the following spells:

 Your Spells              Type           Power      Damage    Failure   Level
a - Sandblast             Erth           26%        2d8       4%          1

Your spell library contained the following spells:

 Spells                   Type           Power      Damage    Failure   Level
 Passwall                 Tmut/Erth      7%         N/A       12%         2
 Static Discharge         Conj/Air       1%         N/A       28%         2
 Stone Arrow              Conj/Erth      14%        3d7       28%         3
 Petrify                  Tmut/Erth      9%         N/A       58%         4
 Lightning Bolt           Conj/Air       0%         1d11      99%         5
 Maxwell's Capacitive Co  Air            0%         ∞         100%        8


Dungeon Overview and Level Annotations

Branches:
Dungeon (3/15)

Altars:

Shops:
D:1 [


Innate Abilities, Weirdness & Mutations

You cannot wear most types of armour.
You are amphibious.
You can wear up to eight rings at the same time.
Your skin changes colour to match your surroundings (Stealth+).
Your rubbery body absorbs attacks. (AC +1, EV +1)
((You are camouflaged near water. (Stealth+)))
You have tentacles for arms and can constrict up to eight enemies at once.


Message History

The hobgoblin is moderately wounded.
You constrict the hobgoblin, but do no damage.
The hobgoblin closely misses you.
You tentacle-slap the hobgoblin. You squeeze the hobgoblin.
You kill the hobgoblin!
You tentacle-slap the scorpion zombie. You grab the scorpion zombie.
The scorpion zombie is lightly damaged.
You constrict the scorpion zombie. The scorpion zombie misses you.
You barely miss the scorpion zombie.
The scorpion zombie is lightly damaged.
You constrict the scorpion zombie. The scorpion zombie hits you.
You tentacle-slap the scorpion zombie but do no damage.
The scorpion zombie is lightly damaged.
You constrict the scorpion zombie, but do no damage.
The scorpion zombie completely misses you.
You tentacle-slap the scorpion zombie but do no damage.
The scorpion zombie is lightly damaged.
You constrict the scorpion zombie. The scorpion zombie hits you.
You tentacle-slap the scorpion zombie.
The scorpion zombie is lightly damaged.
You constrict the scorpion zombie. The scorpion zombie hits you.
You tentacle-slap the scorpion zombie.
The scorpion zombie is moderately damaged.
You constrict the scorpion zombie. The scorpion zombie misses you.
You tentacle-slap the scorpion zombie but do no damage.
You squeeze the scorpion zombie.
The scorpion zombie is heavily damaged.
You constrict the scorpion zombie.
You tentacle-slap the scorpion zombie but do no damage.
The scorpion zombie is heavily damaged.
You constrict the scorpion zombie. The scorpion zombie misses you.
You tentacle-slap the scorpion zombie.
The scorpion zombie is heavily damaged.
You constrict the scorpion zombie. The scorpion zombie hits you.
* * * LOW HITPOINT WARNING * * *
You tentacle-slap the scorpion zombie.
You squeeze the scorpion zombie, but do no damage.
The scorpion zombie is severely damaged.
You constrict the scorpion zombie. The scorpion zombie hits you.
You die...

.......... #.......$##
#...##..
###.........###...##.#
..................##.# #.
#.........# #...##.# #..
#..Z.....# #...##.# #
..####........# #...##.#
........###.##.####...##.#
#.##.##..@Z.##.##...<.##.#
#.#...#.######.##.#......#
#....................#####
###...#.#####.......##
#..............#.#.#
#.#..########.##.#.#
#.#..# ######.##.#.#
#.#..# #...........#
#.#..###.####.##...#


You could see a scorpion zombie.

Vanquished Creatures
  2 worms (D:2)
  A dart slug (D:2)
  2 ball pythons
  3 bats
  2 endoplasms
  3 giant cockroaches (D:1)
  2 goblins
  7 hobgoblins
  4 quokkas
  5 rats
31 creatures vanquished.

Notes
Turn   | Place    | Note
-------+----------+-------------------------------------------
     0 | D:1      | Lemonice the Octopode Earth Elementalist began the quest
                  | for the Orb.
     0 | D:1      | Reached XP level 1. HP: 11/11 MP: 3/3
    16 | D:1      | Found Leporici's Antique Armour Boutique.
   505 | D:1      | Found a faded altar of an unknown god.
   522 | D:1      | Reached XP level 2. HP: 5/17 MP: 5/5
  2209 | D:2      | Reached XP level 3. HP: 21/21 MP: 6/6
  3328 | D:3      | Slain by a scorpion zombie

Illustrated notes

Levels and vault maps discovered:
D:1:      lemuel_arrival_hallway, layout_loops_ring,
          shapermc_ecumenical_altar_mp_ritualfount, serial_shops, shop,
          hangedman_glass_teeth
D:2:      layout_basic
D:3:      layout_loops_ring, nemelex_diamond_rough_becter

Skill      XL: |  1  2 |
---------------+-------+-----
Stealth        | 3 |  3.5
Fighting       | |  0.2
Dodging        | |  2.4
Unarmed Combat | |  0.7
Spellcasting   | |  2.2
Transmutations | |  1.0
Earth Magic    | |  3.5

Action                   || total
-------------------------++-------
Melee: Unarmed           ||   120
       Constrict         ||    28
       Tentacles         ||    21
 Stab: Sleeping          ||    11
Armor: Skin              ||     8
Dodge: Dodged            ||    71

Table legend: (Time is in decaauts)
 A = Elapsed time spent in this place.
 B = Non-inter-level travel time spent in this place.
 C = Inter-level travel time spent in this place.
 D = Time resting spent in this place.
 E = Time spent auto-exploring this place.
 F = Levels seen in this place.
 G = Mean time per level.
                   A        B        C        D        E       F      G
               +--------+--------+--------+--------+--------+-----+--------+
         Total |   3326 |   3274 |     52 |      0 |   2928 |   3 | 1108.7 |
       Dungeon |   3326 |   3274 |     52 |      0 |   2928 |   3 | 1108.7 |
               +--------+--------+--------+--------+--------+-----+--------+

Top non-repeatable levels by time:
     D:1: 1855 daAuts
     D:2: 1299 daAuts
     D:3: 171 daAuts
